 Seeded DCSS version 0.32-a0-900-g30fb1b0edc (webtiles) character file.

Game seed: 17073724502869601980 (custom seed)

252 timneilson the Cutter (level 6, -3/35 HPs)
             Began as a Kobold Enchanter on Apr 5, 2024.
             Engulfed by a cloud of flame (11 damage)
             ... on level 4 of the Dungeon.
             The game lasted 00:10:52 (4361 turns).

timneilson the Cutter (Kobold Enchanter)            Turns: 4361, Time: 00:10:52

Health: -3/35      AC:  5    Str:  5    XL:     6   Next: 36%
Magic:  10/10      EV: 15    Int: 17    God:
Gold:   176        SH:  0    Dex: 17    Spells: 8/10 levels left

rFire   + . .        a - +1 dagger
rCold   . . .        (no shield)
rNeg    . . .        b - +1 robe
rPois   .            i - +2 hat
rElec   .            (no cloak)
rCorr   .            (no gloves)
SInv    +            (no boots)
Will    .....        (no amulet)
Stlth   ++++         l - ring of see invisible
HPRegen 0.25/turn    o - ring of protection from fire
MPRegen 0.12/turn

%: no passive effects
@: studying Short Blades
A: small, no large weapons, nightstalker 3
a: no special abilities


You were on level 4 of the Dungeon.
You visited 1 branch of the dungeon, and saw 4 of its levels.

You collected 176 gold pieces.

Inventory:

Hand Weapons
 a - a +1 dagger (weapon)
Armour
 b - a +1 robe (worn)
 i - a +2 hat (worn)
Jewellery
 l - a ring of see invisible (left hand)
 n - a ring of resist corrosion
 o - a ring of protection from fire (right hand)
Wands
 j - a wand of roots (21)
Scrolls
 p - a scroll of fear
 r - a scroll of identify {unknown}
 s - a scroll of vulnerability {unknown}
Potions
 c - 2 potions of invisibility
 d - 2 potions of lignification {unknown}
 e - a potion of haste {unknown}
 f - a potion of mutation {unknown}
 g - 2 potions of might {unknown}
 h - a potion of curing
 k - a potion of berserk rage {unknown}
 m - a potion of ambrosia {unknown}


   Skills:
 + Level 1.8 Fighting
 * Level 5.3 Short Blades
 + Level 1.3 Armour
 * Level 4.1 Dodging
 + Level 4.9 Stealth
 + Level 2.9 Spellcasting
 - Level 3.0 Hexes
 + Level 1.5 Ice Magic


You had 8 spell levels left.
You knew the following spells:

 Your Spells              Type           Power      Damage    Failure   Level
a - Ensorcelled Hibernat  Hex/Ice        20%        N/A       11%         2

Your spell library contained the following spells:

 Spells                   Type           Power      Damage    Failure   Level
 Confusing Touch          Hex            12%        N/A       16%         3
 Tukima's Dance           Hex            12%        N/A       16%         3
 Dazzling Flash           Conj/Hex       14%        N/A       28%         3


Dungeon Overview and Level Annotations

Branches:
Dungeon (4/15)
 Temple: D:4-7

Altars:
Vehumet


Innate Abilities, Weirdness & Mutations

You are small and have problems with some larger weapons.
You are completely attuned to the shadows.


Message History

You hit the orc.
The orc is lightly wounded.
The orc hits you with a +0 club.
You hit the orc.
The orc is heavily wounded.
The orc barely misses you.
You closely miss the orc.
The orc is heavily wounded.
You hit the orc.
You kill the orc!
You see here a +0 club.
You see here a +0 mace.
Things that are here:
a +0 short sword; a +0 leather armour; an orc corpse You see here a +0 hand axe.
You see here a +0 club.
There is an open door here.
You see here 5 stones.
You open the door.
There is an open door here.
You open the door.
There is an open door here.
There is an open door here.
There is an open door here.
There is an open door here.
Partly explored, can't reach some places.
Partly explored, can't reach some places.
Blink to where?
Press: ? - help, Dir - move target
Found 15 gold pieces.
As you read the scroll labelled MUOPNI QAISI, it crumbles to dust.
It was a scroll of blinking.
You now have 169 gold pieces (gained 8).
You now have 176 gold pieces (gained 7).
You are engulfed in blazing flames.
You resist.
You are engulfed in blazing flames.
You resist.
You are engulfed in blazing flames.
You resist.
* * * LOW HITPOINT WARNING * * *
You are engulfed in blazing flames.
You resist.
You die...

...............#......#
...............#####...#
...............# #§☼☼#
...............# #§☼.#
##.####...##'### #§☼§#
##.########....#####...########
.........†#..)..○§§.....○§....#
..........'.....○§☼.....☼§....#
..........#.....@§☼.....☼§§...#
..........#....#####...#####..#
###########....# #§§§# #..#
##...#........## #..§# #..#
.....#........# #...# #..#
.....#........######...#####).#
.....'........#.....#.........#
.....#........#.....#......)..#
.....#....=...#.....#......)..#


There were no monsters in sight!

Vanquished Creatures
  2 orc priests (D:4)
  4 gnolls (D:4)
  5 adders
  3 dart slugs
  6 orcs
  8 endoplasms
  4 giant cockroaches
  8 hobgoblins
  11 jackals
  3 quokkas
  3 ball pythons
  11 bats
  7 frilled lizards
  6 goblins
  9 kobolds
  5 rats
95 creatures vanquished.

Notes
Turn   | Place    | Note
-------+----------+-------------------------------------------
     0 | D:1      | timneilson the Kobold Enchanter began the quest for the
                  | Orb.
     0 | D:1      | Reached XP level 1. HP: 10/10 MP: 3/3
   217 | D:1      | Identified a scroll of acquirement
   217 | D:1      | Acquired a manual of Short Blades
   285 | D:1      | Reached XP level 2. HP: 15/15 MP: 5/5
   395 | D:1      | Reached skill level 2 in Short Blades
  1030 | D:2      | Learned a level 2 spell: Ensorcelled Hibernation
  1055 | D:2      | Reached XP level 3. HP: 16/20 MP: 6/6
  1227 | D:2      | Reached skill level 3 in Short Blades
  1345 | D:2      | Reached XP level 4. HP: 24/24 MP: 7/7
  1454 | D:2      | Reached skill level 1 in Fighting
  2507 | D:3      | Reached skill level 4 in Short Blades
  2507 | D:3      | Reached XP level 5. HP: 9/29 MP: 8/8
  2668 | D:3      | Reached skill level 1 in Armour
  2738 | D:3      | Found a faded altar of an unknown god.
  2896 | D:3      | Found a radiant altar of Vehumet.
  3241 | D:4      | Reached skill level 1 in Ice Magic
  3399 | D:4      | Acquired a ring of protection from fire
  4101 | D:4      | Reached XP level 6. HP: 29/34 MP: 7/10
  4216 | D:4      | Reached skill level 5 in Short Blades
  4361 | D:4      | Engulfed by a cloud of flame

Illustrated notes

Levels and vault maps discovered:
D:1:      lightli_arrival_windingriver, layout_loops_ring
D:2:      layout_basic, dk_noncrumbling_3
D:3:      layout_loops_corners, mainiacjoe_overflow_boulevard,
          shapermc_ecumenical_altar_gd, minmay_misc_feat_alley, st_stairs_8
D:4:      layout_gridville, lemuel_flame_loot_1

Skill      XL: |  1  2  3  4  5  6 |
---------------+-------------------+-----
Short Blades   | 2 3 4 5 |  5.3
Dodging        | 3 4 |  4.1
Fighting       | 1 |  1.8
Armour         | 1 |  1.3
Ice Magic      | 1 |  1.5
Stealth        | |  4.9
Spellcasting   | |  2.9
Hexes          | |  3.0

Action                     |  1- 3 |  4- 6 || total
---------------------------+-------+-------++-------
  Melee: Dagger            |    88 |   198 ||   286
   Cast: Ensorcelled Hiber |       |     6 ||     6
    Use: Scroll            |     3 |     4 ||     7
         Potion            |       |     2 ||     2
   Stab: Sleeping          |    19 |    32 ||    51
         Distracted        |     1 |       ||     1
 Armour: Robe              |    28 |    67 ||    95
  Dodge: Dodged            |    47 |   113 ||   160

Table legend: (Time is in decaauts)
 A = Elapsed time spent in this place.
 B = Non-inter-level travel time spent in this place.
 C = Inter-level travel time spent in this place.
 D = Time resting spent in this place.
 E = Time spent auto-exploring this place.
 F = Levels seen in this place.
 G = Mean time per level.
                   A        B        C        D        E       F      G
               +--------+--------+--------+--------+--------+-----+--------+
         Total |   4321 |   4183 |    138 |    142 |   2571 |   4 | 1080.2 |
       Dungeon |   4321 |   4183 |    138 |    142 |   2571 |   4 | 1080.2 |
               +--------+--------+--------+--------+--------+-----+--------+

Top non-repeatable levels by time:
     D:4: 1245 daAuts
     D:3: 1123 daAuts
     D:2: 993 daAuts
     D:1: 959 daAuts
